 Dungeon Crawl Stone Soup version 0.29-a0-323-g050149af67 (console) character file.

Game seed: 5574441171345459033

170 Ignak the Skirmisher (level 5, -1/54 HPs)
             Began as an Ogre Warper on Apr 12, 2022.
             Slain by a gnoll
             ... wielding a +0 spear
              (5 damage)
             ... on level 3 of the Dungeon.
             The game lasted 00:07:56 (3854 turns).

Ignak the Skirmisher (Ogre Warper)                  Turns: 3854, Time: 00:07:57

Health: -1/54      AC:  3    Str: 17    XL:     5   Next: 51%
Magic:  9/9        EV: 10    Int: 14    God:
Gold:   173        SH:  0    Dex:  8    Spells: 5/10 levels left

rFire   . . .      SeeInvis .   p - +2 hand axe (vorpal)
rCold   . . .      Faith    .   (no shield)
rNeg    . . .      Spirit   .   b - +0 robe
rPois   .          Reflect  .   (helmet restricted)
rElec   .          Harm     .   (no cloak)
rCorr   .          Rampage  .   (gloves unavailable)
Will    .....                   (boots unavailable)
Stlth   +.........              (no amulet)
HPRegen 0.18/turn               (no ring)
MPRegen 0.11/turn               (no ring)

@: about to teleport
A: large, unfitting armour, tough skin 1
a: no special abilities


You were on level 3 of the Dungeon.
You visited 1 branch of the dungeon, and saw 3 of its levels.

You collected 173 gold pieces.

Inventory:

Hand Weapons
 a - a +0 mace
 p - a +2 vorpal hand axe (weapon)
Missiles
 f - 5 poisoned darts (quivered)
 o - 4 silver javelins
Armour
 b - a +0 robe (worn)
Jewellery
 k - an amulet of faith
Scrolls
 c - a scroll of blinking
 h - a scroll of immolation
 i - 2 scrolls of noise
 j - a scroll of fear
 m - 2 scrolls of amnesia
 n - 2 scrolls of magic mapping
 q - 2 scrolls of enchant weapon
Potions
 d - a potion of lignification
 e - 2 potions of heal wounds
 l - 2 potions of curing


   Skills:
 + Level 4.0 Fighting
 + Level 2.4 Maces & Flails
 + Level 2.1 Throwing
 + Level 2.8 Dodging
 + Level 3.3 Spellcasting
 + Level 3.3 Translocations


You had 5 spell levels left.
You knew the following spells:

 Your Spells              Type           Power      Damage    Failure   Level
a - Teleport Other        Tloc           11%        N/A       16%         3
b - Blink                 Tloc           22%        N/A       9%          2

Your spell library contained the following spells:

 Spells                   Type           Power      Damage    Failure   Level
 Apportation              Tloc           22%        N/A       5%          1
 Gell's Gravitas          Tloc           11%        N/A       16%         3
 Lesser Beckoning         Tloc           11%        N/A       16%         3
 Animate Skeleton         Necr           4%         N/A       22%         1
 Summon Small Mammal      Summ           8%         N/A       22%         1
 Portal Projectile        Hex/Tloc       12%        N/A       32%         3
 Call Canine Familiar     Summ           2%         N/A       54%         3
 Manifold Assault         Tloc           11%        N/A       83%         5
 Leda's Liquefaction      Hex/Erth       1%         N/A       91%         4


Dungeon Overview and Level Annotations

Branches:
Dungeon (3/15)

Altars:
Xom

Annotations:
D:3 1 transporter, Gambler's ghost, weakling MiFi


Innate Abilities, Weirdness & Mutations

You are too large for most types of armour.
You have tough skin. (AC +1)


Message History

There is a stone staircase leading down here.
Partly explored, unvisited transporter.
Partly explored, unvisited transporter.
Partly explored, unvisited transporter.
You see here 4 boomerangs of dispersal.
Things that are here:
a +0 leather armour; a hobgoblin skeleton You see here a potion of lignification.
The gnoll shouts!
The gnoll shouts!
You hear a shout!
You see here a potion of lignification.
d - a potion of lignification The gnoll shouts!
You hear a shout!
The gnoll shouts!
There is a transporter here.
You enter the transporter and appear at another place.
The gnoll shouts!
The gnoll closely misses you. The gnoll barely misses you.
The gnoll barely misses you.
There is an open translucent door here.
The gnoll shouts!
Gambler's ghost turns its malevolent gaze towards you.
The gnoll hits you from afar with a +1 halberd of pain!
The gnoll closely misses you.
You closely miss the gnoll.
The gnoll hits you with a +1 halberd of pain!
Gambler's ghost laughs crazily.
You closely miss the gnoll. You hit the gnoll.
The gnoll hits you but does no damage.
The gnoll hits you with a +1 halberd of pain!
The gnoll hits you from afar with a +0 spear.
* * * LOW HITPOINT WARNING * * *
As you read the scroll of teleportation, it crumbles to dust.
You feel strangely unstable. The gnoll hits you with a +0 whip.
* * * LOW HITPOINT WARNING * * *
The gnoll hits you with a +1 halberd of pain.
* * * LOW HITPOINT WARNING * * *
The gnoll hits you from afar with a +0 spear.
You die...

<.##.≈≈≈≈≈≈≈≈≈≈≈≈≈≈≈≈≈..#
.###.≈≈≈≈≈≈≈≈≈≈≈≈≈≈≈≈≈..#
## #.≈≈####.....####≈≈..#
# #.≈≈#g.#8###8#..#≈≈..#
# #.≈≈##.###.###.##≈≈.##
#.≈≈#...........#≈≈.#
####.≈≈###.##'##W###≈≈.#
.....≈≈..#.#...#g#..≈≈.#
.....≈≈.##.#...#@##.≈≈.#
.....≈≈.#©.#):.#g.#.≈≈.#
.....≈≈.##.#####g##.≈≈.#
.........#.#8⌠8#g#..≈≈.#
........©#.'.©.g.#©.≈≈.#
.........#.#...#.#(.≈≈.#
.....≈≈.##.##g##.##.≈≈.##
.....≈≈.#g.#...#..#.≈≈..#
.[.#.≈≈.##.'...'.##.≈≈..#


You could see Gambler's ghost and 5 gnolls.

Vanquished Creatures
  8 adders
  4 worms
  4 dart slugs
  3 orcs (D:3)
  A ball python (D:2)
  6 endoplasms
  7 giant cockroaches
  3 goblins
  7 hobgoblins
  12 kobolds
  4 quokkas
  6 bats
  5 frilled lizards
  6 rats
76 creatures vanquished.

Vanquished Creatures (others)
  A fungus (D:3)
  6 plants (D:3)
7 creatures vanquished.

Grand Total: 83 creatures vanquished

Notes
Turn   | Place    | Note
-------+----------+-------------------------------------------
     0 | D:1      | Ignak the Ogre Warper began the quest for the Orb.
     0 | D:1      | Reached XP level 1. HP: 22/22 MP: 3/3
   147 | D:1      | Reached XP level 2. HP: 5/29 MP: 5/5
   417 | D:1      | Learned a level 2 spell: Blink
   475 | D:1      | Reached skill level 3 in Fighting
   928 | D:1      | Reached XP level 3. HP: 37/37 MP: 7/7
   938 | D:1      | Learned a level 3 spell: Teleport Other
  1145 | D:1      | Found a faded altar of an unknown god.
  2027 | D:2      | Reached XP level 4. HP: 28/45 MP: 8/8
  2581 | D:2      | Reached XP level 5. HP: 22/54 MP: 9/9
  2885 | D:3      | Found a transporter.
  2894 | D:3      | Found a transporter.
  3374 | D:3      | Reached skill level 4 in Fighting
  3441 | D:3      | Found a shimmering altar of Xom.
  3594 | D:3      | Noticed Gambler's ghost (weakling MiFi)
  3854 | D:3      | Slain by a gnoll

Illustrated notes

Levels and vault maps discovered:
D:1:      evilmike_arrival_home_sweet_home, layout_loops_ring,
          chequers_ecumenical_altar_simple, minmay_misc_feat_five
D:2:      layout_basic, minmay_joined_circles
D:3:      corexii_shack_village, layout_rooms, general_overflow_altar,
          gammafunk_ghost_gnarly_gnolls, minmay_misc_feat_plants

Skill      XL: |  1  2  3  4  5 |
---------------+----------------+-----
Maces & Flails | 2 |  2.4
Fighting       | 3 4 |  4.0
Translocations | 3 |  3.3
Spellcasting   | 3 |  3.3
Throwing       | 2 |  2.1
Dodging        | |  2.8

Action                   |  1- 3 |  4- 6 || total
-------------------------+-------+-------++-------
Melee: Mace              |   130 |    34 ||   164
       Punch             |     2 |       ||     2
       Hand axe          |       |   106 ||   106
Throw: Boomerang         |     3 |       ||     3
       Dart              |       |     4 ||     4
 Cast: Teleport Other    |     2 |       ||     2
Evoke: Wand              |     5 |       ||     5
  Use: Potion            |       |     5 ||     5
       Scroll            |       |     8 ||     8
 Stab: Sleeping          |     1 |     2 ||     3
Armor: Robe              |    55 |    43 ||    98
Dodge: Dodged            |    95 |    79 ||   174

Table legend: (Time is in decaauts)
 A = Elapsed time spent in this place.
 B = Non-inter-level travel time spent in this place.
 C = Inter-level travel time spent in this place.
 D = Time resting spent in this place.
 E = Time spent auto-exploring this place.
 F = Levels seen in this place.
 G = Mean time per level.
                   A        B        C        D        E       F      G
               +--------+--------+--------+--------+--------+-----+--------+
         Total |   3944 |   3883 |     61 |   1208 |   1589 |   3 | 1314.7 |
       Dungeon |   3944 |   3883 |     61 |   1208 |   1589 |   3 | 1314.7 |
               +--------+--------+--------+--------+--------+-----+--------+

Top non-repeatable levels by time:
     D:2: 1629 daAuts
     D:1: 1310 daAuts
     D:3: 1004 daAuts
